 Dungeon Crawl Stone Soup version 0.27-a0-1200-g94dc6ad4cf (webtiles) character file.

Game seed: 12502641744115210035

486 polve the Ruffian (level 6, -10/44 HPs)
             Began as a Demonspawn Gladiator on May 30, 2021.
             Splashed by Ijyb's acid (16 damage)
             ... on level 3 of the Dungeon.
             The game lasted 00:03:34 (3583 turns).

polve the Ruffian (Demonspawn Gladiator)            Turns: 3583, Time: 00:03:35

Health: -10/44     AC: 11    Str: 17    XL:     6   Next: 89%
Magic:  6/6        EV: 10    Int:  9    God:
Gold:   122        SH:  5    Dex: 14    Spells: 5/5 levels left

rFire    . . .     SeeInvis .     - Unarmed
rCold    . . .     Faith    .   (no shield)
rNeg     . . .     Spirit   .   n - +0 scale mail
rPois    .         Reflect  +   c - +0 helmet
rElec    .         Harm     .   (no cloak)
rCorr    .         Rampage  .   (no gloves)
Will     .....                  (no boots)
Stlth    ..........             m - amulet of reflection
HPRegen  0.14/turn              i - +4 ring of protection
MPRegen  0.10/turn              (no ring)

@: no status effects
A: claws 2
a: no special abilities


You were on level 3 of the Dungeon.
You visited 1 branch of the dungeon, and saw 3 of its levels.

You collected 122 gold pieces.

Inventory:

Hand Weapons
 a - a +0 war axe
Missiles
 d - 3 throwing nets (quivered)
Armour
 c - a +0 helmet (worn)
 n - a +0 scale mail (worn)
Jewellery
 i - a +4 ring of protection (left claw)
 m - an amulet of reflection (around neck)
Scrolls
 b - a scroll of enchant armour {unknown}
 h - a scroll of torment
 k - a scroll of magic mapping
 l - a scroll of fear
Potions
 e - a potion of haste
 g - a potion of heal wounds {unknown}
 j - a potion of lignification {unknown}


   Skills:
 - Level 2.0 Fighting
 - Level 3.2 Axes
 - Level 1.7 Throwing
 - Level 2.6 Dodging
 + Level 6.2 Unarmed Combat


You had 5 spell levels left.
You didn't know any spells.
Your spell library was empty.

Dungeon Overview and Level Annotations

Branches:
Dungeon (3/15)

Altars:
Okawaru
Yredelemnul

Annotations:
D:3 Ijyb


Innate Abilities, Weirdness & Mutations

You have very sharp fingernails.


Message History

Ijyb hits you but does no damage. The frilled lizard barely misses you.
You completely miss Ijyb.
Ijyb is moderately wounded.
Ijyb barely misses you.
The frilled lizard bites you but does no damage.
Your scale mail prevents you from hitting Ijyb.
Ijyb is moderately wounded.
Ijyb zaps a wand.
The bolt of acid misses you. The frilled lizard barely misses you.
You scratch Ijyb. Your claw misses Ijyb.
Ijyb is heavily wounded.
Ijyb closely misses you.
You closely miss Ijyb.
Ijyb is heavily wounded.
The frilled lizard bites you.
Ijyb zaps a wand.
The bolt of acid misses you.
Your scale mail prevents you from hitting Ijyb.
Ijyb is heavily wounded.
The frilled lizard bites you. Ijyb barely misses you.
You scratch Ijyb but do no damage.
Ijyb is heavily wounded.
The frilled lizard closely misses you. Ijyb hits you with a +0 club.
You barely miss Ijyb.
Ijyb is heavily wounded.
The frilled lizard bites you but does no damage.
Ijyb screams, "I dance on your bones!"
Ijyb zaps a wand.
The bolt of acid misses you.
You scratch Ijyb but do no damage.
Ijyb is heavily wounded.
The frilled lizard bites you but does no damage.
You scratch Ijyb.
Ijyb is heavily wounded.
Ijyb zaps a wand.
The bolt of acid hits you!
You are splashed with acid!
* * * LOW HITPOINT WARNING * * *
The frilled lizard bites you but does no damage.
You scratch Ijyb but do no damage.
Ijyb is heavily wounded.
Ijyb zaps a wand.
The bolt of acid hits you.
* * * LOW HITPOINT WARNING * * *
You are splashed with acid!
You die...

#.#######..$
#.#.$...#..
##?#.$$..#.#
#..#.._..#.#
#..#...$.#.# #
.##..#$....#.##.##.
.....###+###g......
#........@l...#
#.#.#..##..#..#
#...####.#..#
###.####.#..#
#......#..#
#.#####.).....#
#.......#.....######
#########..........###
#.............#####


You could see Ijyb and a frilled lizard.

Vanquished Creatures
  Grinder (D:3)
  Sigmund (D:2)
  Jessica (D:3)
  3 gnolls
  3 adders (D:2)
  5 dart slugs (D:1)
  A ball python (D:2)
  A bat (D:2)
  6 endoplasms
  2 giant cockroaches
  6 hobgoblins
  A quokka (D:3)
  6 goblins
  4 kobolds
  5 rats
46 creatures vanquished.

Vanquished Creatures (others)
  A fungus (D:2)
  A plant (D:1)
2 creatures vanquished.

Grand Total: 48 creatures vanquished

Notes
Turn   | Place    | Note
-------+----------+-------------------------------------------
     0 | D:1      | polve the Demonspawn Gladiator began the quest for the Orb.
     0 | D:1      | Reached XP level 1. HP: 16/16 MP: 1/1
   313 | D:1      | Gained mutation: You have sharp fingernails. [demonic
                  | ancestry]
   313 | D:1      | Reached XP level 2. HP: 22/22 MP: 2/2
   369 | D:1      | Reached skill level 1 in Unarmed Combat
   559 | D:1      | Reached XP level 3. HP: 27/27 MP: 3/3
   849 | D:1      | Found a faded altar of an unknown god.
  1185 | D:2      | Reached skill level 2 in Unarmed Combat
  1204 | D:2      | Found an iron altar of Okawaru.
  1431 | D:2      | Noticed Sigmund
  1932 | D:2      | Gained mutation: You have very sharp fingernails. [demonic
                  | ancestry]
  1932 | D:2      | Reached XP level 4. HP: 33/33 MP: 4/4
  2057 | D:2      | Reached skill level 3 in Unarmed Combat
  2641 | D:2      | HP: 1/33 [Sigmund/+0 scythe (9)]
  2644 | D:2      | Killed Sigmund
  2645 | D:2      | Reached skill level 5 in Unarmed Combat
  2645 | D:2      | Reached XP level 5. HP: 2/38 MP: 5/5
  3166 | D:3      | Noticed Grinder
  3185 | D:3      | Paralysed by Grinder for 4 turns
  3202 | D:3      | Killed Grinder
  3203 | D:3      | Reached skill level 6 in Unarmed Combat
  3203 | D:3      | Reached XP level 6. HP: 28/44 MP: 6/6
  3467 | D:3      | Noticed Jessica
  3470 | D:3      | Killed Jessica
  3558 | D:3      | Found a basalt altar of Yredelemnul.
  3560 | D:3      | Noticed Ijyb
  3583 | D:3      | Splashed by Ijyb's acid

Illustrated notes

Levels and vault maps discovered:
D:1:      psy_arrival_conway, layout_basic, ebering_ecumenical_altar_rust,
          serial_bayou_lagoon_b
D:2:      layout_loops_ring, basic_altar, minmay_pentomino_t4, uniq_sigmund,
          uniq_crazy_yiuf_cottage
D:3:      layout_loops_ring, nicolae_wu_jian_wuxing_cycle,
          amcnicky_altar_gilded, serial_shops, shop, uniq_ijyb, uniq_grinder,
          uniq_terence, uniq_jessica

Skill      XL: |  1  2  3  4  5 |
---------------+----------------+-----
Axes           | 3 |  3.2
Unarmed Combat | 1 2 5 6 |  6.2
Fighting       | |  2.0
Throwing       | |  1.7
Dodging        | |  2.6

Action                   |  1- 3 |  4- 6 || total
-------------------------+-------+-------++-------
Melee: War axe           |    87 |       ||    87
       Punch             |     1 |     2 ||     3
       Unarmed           |       |    80 ||    80
  Use: Potion            |     3 |       ||     3
       Scroll            |       |     4 ||     4
 Stab: Sleeping          |     2 |       ||     2
Armor: Leather armour    |    30 |    12 ||    42
       Scale mail        |       |    10 ||    10
Dodge: Dodged            |    49 |    53 ||   102
Block: Other             |       |     7 ||     7

Table legend: (Time is in decaauts)
 A = Elapsed time spent in this place.
 B = Non-inter-level travel time spent in this place.
 C = Inter-level travel time spent in this place.
 D = Time resting spent in this place.
 E = Time spent auto-exploring this place.
 F = Levels seen in this place.
 G = Mean time per level.
                   A        B        C        D        E       F      G
               +--------+--------+--------+--------+--------+-----+--------+
         Total |   3610 |   3422 |    188 |      6 |   2909 |   3 | 1203.3 |
       Dungeon |   3610 |   3422 |    188 |      6 |   2909 |   3 | 1203.3 |
               +--------+--------+--------+--------+--------+-----+--------+

Top non-repeatable levels by time:
     D:1: 1923 daAuts
     D:2: 1227 daAuts
     D:3: 459 daAuts
